 Dungeon Crawl Stone Soup version 0.31.0-9-g3a7656b989 (webtiles) character file.

Game seed: 13063548997591818858

303 Arctor the Ducker (level 6, -1/34 (47) HPs)
             Began as a Demonspawn Gladiator on Jan 24, 2024.
             Was an Initiate of Ashenzari.
             Slain by Edmund
             ... wielding a +2 flail of pain
              (7 damage)
             ... on level 5 of the Dungeon.
             The game lasted 00:03:05 (3592 turns).

Arctor the Ducker (Demonspawn Gladiator)            Turns: 3592, Time: 00:03:06

HP:   -1/34 (47)    AC: 13    Str: 17    XL:     6   Next: 15%
MP:   6/6           EV:  8    Int:  8    God:    Ashenzari [......]
Gold: 165           SH:  0    Dex: 14    Spells: 5/5 levels left

rFire   . . .        f - +2 lajatang (speed)
rCold   . . .        (shield currently unavailable)
rNeg    . . .        l - +0 plate armour
rPois   +            c - +0 helmet
rElec   .            (no cloak)
rCorr   .            (no gloves)
SInv    +            o - +1 pair of boots of a ziggurat {+Inv rPois}
Will    .....        (no amulet) Stlth
                     n - ring of see invisible
HPRegen 0.25/turn    (no ring)
MPRegen 0.10/turn

%: no passive effects
@: very heavily drained
A: repulsion field 2, demonic magic 1, weakness stinger 1
a: Renounce Religion, Evoke Invisibility


You were on level 5 of the Dungeon.
You worshipped Ashenzari.
Ashenzari was noncommittal.
You visited 2 branches of the dungeon, and saw 6 of its levels.

You collected 165 gold pieces.

Inventory:

Hand Weapons
 a - a +0 long sword
 f - a +2 lajatang of speed (weapon)
Missiles
 d - 3 throwing nets (quivered)
 e - a javelin
Armour
 b - a +0 leather armour
 c - a +0 helmet (worn)
 l - a +0 plate armour (worn)
 o - the +1 pair of boots of a ziggurat (worn) {+Inv rPois}
   (You found it on level 2 of the Dungeon)

   rPois:     It protects you from poison +Inv: It lets you turn invisible.
Magical Staves
 q - a staff of fire
Jewellery
 n - a ring of see invisible (left hand)
Wands
 h - a wand of polymorph (8)
 u - a wand of flame (7)
Scrolls
 g - a scroll of poison
 i - 2 scrolls of teleportation
 j - a scroll of vulnerability
 r - 4 scrolls of amnesia
 t - 3 scrolls of identify
 v - a scroll of immolation {unknown}
 w - a scroll of enchant armour {unknown}
Potions
 k - a potion of heal wounds


   Skills:
 + Level 3.6 Fighting
 + Level 3.9 Long Blades
 + Level 3.2 Throwing
 + Level 3.9 Dodging


You had 5 spell levels left.
You didn't know any spells.
Your spell library was empty.

Dungeon Overview and Level Annotations

Branches:
Dungeon (5/15)             Temple (1/1) D:4

Altars:
Ashenzari
Cheibriados
Dithmenos
Fedhas
Gozag
Hepliaklqana
Kikubaaqudgha
Makhleb
Nemelex Xobeh
Qazlal
Ru
Sif Muna
Trog
Uskayaw
Vehumet
Wu Jian
Xom
Yredelemnul

Annotations:
D:5 Edmund, Eustachio


Innate Abilities, Weirdness & Mutations

You are surrounded by a moderate repulsion field. (EV +3)
Spells you cast may paralyse adjacent enemies.
You have a small tail.


Message History

Edmund is heavily wounded.
Edmund closely misses you.
You barely miss Edmund.
Edmund is heavily wounded.
Edmund hits you but does no damage.
You hit Edmund.
Edmund is severely wounded.
Edmund hits you with a +2 flail of pain.
You writhe in agony.
You closely miss Edmund. You tail-slap Edmund, but do no damage.
Edmund is severely wounded.
Edmund barely misses you.
You closely miss Edmund.
Edmund is severely wounded.
Edmund hits you with a +2 flail of pain.
* * * LOW HITPOINT WARNING * * *
Unknown command.
You hit Edmund.
Edmund is severely wounded.
Edmund hits you but does no damage.
You barely miss Edmund.
Edmund is severely wounded.
Edmund hits you with a +2 flail of pain.
* * * LOW HITPOINT WARNING * * *
You writhe in agony.
* * * LOW HITPOINT WARNING * * *
Unknown command.
You closely miss Edmund.
Edmund is severely wounded.
Edmund hits you with a +2 flail of pain.
* * * LOW HITPOINT WARNING * * *
Unknown command.
You hit Edmund but do no damage.
Edmund is severely wounded.
Edmund hits you but does no damage.
You closely miss Edmund.
Your tail-slap misses Edmund.
Edmund is severely wounded.
Edmund hits you with a +2 flail of pain!
You die...
Edmund whines, "They better pay attention to me now!"

## ##. #.. #..
#### .. .#..
.###.# ..
##@..###.
##§@§..#.##
#§#§§§#...#
#.#####...# #
#.#...#...# .#
##.....#.###.#
##...###...#
##### #.###
##.# #..#


You could see Edmund.

Vanquished Creatures
  A jelly (D:4)
  A hound (D:4)
  An orc priest (D:4)
  Ijyb (D:3)
  Terence (D:3)
  4 gnolls
  4 adders
  A white imp (D:5)
  3 dart slugs
  7 orcs (D:4)
  6 ball pythons
  3 bats
  7 endoplasms
  2 giant cockroaches
  5 goblins
  5 hobgoblins
  3 jackals (D:4)
  A quokka (D:3)
  3 frilled lizards
  5 kobolds
  5 rats
69 creatures vanquished.

Notes
Turn   | Place    | Note
-------+----------+-------------------------------------------
     0 | D:1      | Arctor the Demonspawn Gladiator began the quest for the
                  | Orb.
     0 | D:1      | Reached XP level 1. HP: 16/16 MP: 1/1
   176 | D:1      | Gained mutation: You are surrounded by a mild repulsion
                  | field. (EV +2) [demonic ancestry]
   176 | D:1      | Reached XP level 2. HP: 22/22 MP: 2/2
   932 | D:2      | Identified the +1 pair of boots of a ziggurat {+Inv rPois}
   974 | D:2      | Reached XP level 3. HP: 28/28 MP: 3/3
  1328 | D:3      | Found a radiant altar of Vehumet.
  1435 | D:3      | Noticed Terence
  1446 | D:3      | Killed Terence
  1447 | D:3      | Gained mutation: You have a small tail. [demonic ancestry]
  1447 | D:3      | Reached XP level 4. HP: 30/34 MP: 4/4
  1552 | D:3      | Noticed Ijyb
  1606 | D:3      | Killed Ijyb
  2014 | D:4      | Gained mutation: You are surrounded by a moderate repulsion
                  | field. (EV +3) [demonic ancestry]
  2014 | D:4      | Reached XP level 5. HP: 36/41 MP: 5/5
  2428 | D:4      | Gained mutation: Spells you cast may paralyse adjacent
                  | enemies. [demonic ancestry]
  2428 | D:4      | Reached XP level 6. HP: 47/47 MP: 6/6
  2582 | D:4      | Identified the +1 robe of Xentaydy {Harm Int+2 Stlth+}
  2834 | D:4      | Found a staircase to the Ecumenical Temple.
  3266 | D:5      | Entered Level 5 of the Dungeon
  3290 | D:5      | Found a hazy altar of Hepliaklqana.
  3290 | D:5      | Found an opulent altar of Gozag.
  3319 | D:5      | Noticed Eustachio
  3369 | Temple   | Entered the Ecumenical Temple
  3385 | Temple   | Became a worshipper of Ashenzari the Shackled
  3567 | D:5      | Noticed Edmund
  3575 | D:5      | Identified a scroll of acquirement
  3575 | D:5      | Acquired a +2 lajatang of speed
  3592 | D:5      | Slain by Edmund

Illustrated notes

Levels and vault maps discovered:
D:1:      dpeg_arrival_simpleton_a, layout_basic
D:2:      layout_basic, serial_glass, glass_columns_a, glass_columns_a,
          kennysheep_generic_room_11
D:3:      layout_rooms, mainiacjoe_overflow_alcove_1, serial_bayou_lagoon_a,
          minmay_close_crescents, uniq_terence, uniq_ijyb
D:4:      cheibrodos_quashed, layout_layer_cave, minmay_temple_entry_tees,
          chequers_serial_rivers_micro_c
D:5:      nicolae_cairo_tiling, layout_basic, gammafunk_temple_overflow_statue,
          uniq_edmund, uniq_eustachio
Temple:   dpeg_three_leaves_temple

Skill      XL: |  1  2  3  4  5 |
---------------+----------------+-----
Throwing       | 2 3 |  3.2
Dodging        | 3 |  3.9
Long Blades    | 3 |  3.9
Fighting       | 3 |  3.6

Action                     |  1- 3 |  4- 6 || total
---------------------------+-------+-------++-------
  Melee: Long sword        |    77 |   139 ||   216
         Punch             |     1 |       ||     1
         Unarmed           |       |    35 ||    35
         Tailslap          |       |    17 ||    17
         Lajatang          |       |    15 ||    15
    Use: Potion            |       |     6 ||     6
         Scroll            |       |     7 ||     7
   Stab: Sleeping          |     1 |       ||     1
 Armour: Leather armour    |    35 |    16 ||    51
         Skin              |       |    11 ||    11
         Plate armour      |       |   145 ||   145
  Dodge: Dodged            |    56 |    88 ||   144
